 Dungeon Crawl Stone Soup version 0.25-a0-591-g2ad0d861f1 (webtiles) character file.

Game seed: 1394288274403658144, levelgen mode: deterministic

11490 Qrupt the Martial Artist (level 11, -4/78 HPs)
             Began as an Octopode Transmuter on Mar 14, 2020.
             Was an Elder of Wu Jian.
             Slain by a komodo dragon (16 damage)
             ... on level 1 of the Lair of Beasts.
             The game lasted 00:45:33 (13858 turns).

Qrupt the Martial Artist (Octopode Transmuter)     Turns: 13858, Time: 00:45:34

Health: -4/78      AC:  4    Str: 10    XL:     11   Next: 78%
Magic:  13/14      EV: 29    Int: 15    God:    Wu Jian [****..]
Gold:   534        SH:  4    Dex: 21    Spells: 4/14 levels left

rFire    + . .     SeeInvis .     - Unarmed
rCold    x . .     Gourm    .   (shield currently unavailable)
rNeg     + . .     Faith    .   (helmet currently unavailable)
rPois    x         Spirit   .   b - +4 amulet of reflection
rElec    .         Reflect  +   f - ring of fire
rCorr    .         Harm     .   i - +2 ring of protection
MR       .....                  s - ring of positive energy
Stlth    ++++......             (no ring)
HPRegen  0.23/turn              (no ring)
MPRegen  0.14/turn              (no ring)
                                (no ring)
                                (no ring)

@: spider-form (expiring)
A: tiny, almost no armour, stealthy swim, (amphibious), 8 rings, (constrict 8)
a: End Transformation, Wall Jump, Serpent's Lash, Renounce Religion


You were on level 1 of the Lair of Beasts.
You worshipped Wu Jian.
Wu Jian was greatly pleased with you.
You were hungry.
You were a venomous arachnid creature.
You visited 3 branches of the dungeon, and saw 13 of its levels.

You collected 534 gold pieces.

Inventory:

Missiles
 a - 176 arrows
Armour
 F - a +2 hat (melded)
 P - a cursed +0 tower shield
Jewellery
 b - a +4 amulet of reflection (around neck)
 f - a ring of fire (left front leg)
 h - an uncursed amulet of faith
 i - a +2 ring of protection (right front leg)
 s - a ring of positive energy (on tentacle)
 D - an uncursed amulet of guardian spirit
 M - a cursed amulet of inaccuracy {unknown}
 N - an uncursed amulet of the gourmand {unknown}
Wands
 y - a wand of flame (25)
 G - a wand of digging (6)
 I - a wand of acid (6)
 J - a wand of clouds (3)
Scrolls
 e - 8 scrolls of enchant armour
 k - 2 scrolls of random uselessness
 l - 2 scrolls of magic mapping
 r - 2 scrolls of teleportation {unknown}
 u - a scroll of fear {unknown}
 x - 2 scrolls of immolation
 B - 6 scrolls of remove curse
 H - a scroll of noise
 K - a scroll of fog {unknown}
 O - a scroll of identify
Potions
 d - 5 potions of brilliance
 g - 2 potions of heal wounds
 j - a potion of berserk rage
 m - 3 potions of resistance
 n - 3 potions of invisibility {unknown}
 o - 3 potions of ambrosia
 p - 6 potions of haste
 q - 2 potions of flight {unknown}
 t - a potion of magic {unknown}
 v - 4 potions of lignification {unknown}
 w - 2 potions of degeneration {unknown}
 z - 3 potions of curing
 A - 4 potions of cancellation {unknown}
 E - 2 potions of mutation {unknown}
 L - a potion of might
Comestibles
 c - 16 rations


   Skills:
 + Level 8.5 Fighting
 + Level 8.6 Dodging
 + Level 9.0 Stealth
 + Level 9.0 Unarmed Combat
 - Level 2.0 Spellcasting
 + Level 8.9 Transmutations
 + Level 2.5 Ice Magic
 - Level 3.0 Poison Magic


You had 4 spell levels left.
You knew the following spells:

 Your Spells              Type           Power        Failure   Level  Hunger
a - Beastly Appendage     Tmut           ####..       3%          1    #......
b - Sticks to Snakes      Tmut           ####....     4%          2    ###....
c - Spider Form           Tmut/Pois      ###.......   17%         3    ###....
d - Ice Form              Ice/Tmut       ###.....     43%         4    #####..

Your spell library contained the following spells:

 Spells                   Type           Power        Failure   Level  Hunger
 Poisonous Vapours        Pois/Air       #.....       38%         2    ###....
 Animate Skeleton         Necr           N/A          43%         1    #......
 Apportation              Tloc           #.....       43%         1    #......
 Corona                   Hex            #......      43%         1    #......
 Infusion                 Chrm           #...         43%         1    #......
 Summon Small Mammal      Summ           #...         43%         1    #......
 Blink                    Tloc           N/A          54%         2    ###....
 Shroud of Golubria       Chrm/Tloc      #.....       54%         2    ###....
 Swiftness                Chrm/Air       #.......     54%         2    ###....
 Petrify                  Tmut/Erth      ##......     56%         4    #####..
 Ozocubu's Armour         Chrm/Ice       #.......     58%         3    ###....
 Gell's Gravitas          Tloc           #.........   75%         3    ###....
 Lesser Beckoning         Tloc           #.........   75%         3    ###....
 Teleport Other           Tloc           #.......     75%         3    ###....
 Passage of Golubria      Tloc           N/A          98%         4    #####..
 Summon Lightning Spire   Summ/Air       #.......     98%         4    #####..
 Blade Hands              Tmut           ####......   34%         5    ######.
 Conjure Ball Lightning   Conj/Air       #.........   100%        6    #######


Dungeon Overview and Level Annotations

Branches:
Dungeon (11/15)            Temple (1/1) D:5            Lair (1/6) D:9
    Orc (0/2) D:10

Altars:
Ashenzari
Cheibriados
Dithmenos
Elyvilon
Fedhas
Gozag
Hepliaklqana
Kikubaaqudgha
Makhleb
Nemelex Xobeh
Okawaru
Qazlal
Ru
Sif Muna
Trog
Uskayaw
Vehumet
Wu Jian
Xom
Yredelemnul
Zin
The Shining One

Shops:
D:10 [

Annotations:
D:5 exclusion: 2 doors


Innate Abilities, Weirdness & Mutations

You cannot wear most types of armour.
You are very stealthy in the water. (Stealth+)
((You are amphibious.))
You can wear up to eight rings at the same time.
((You can use your tentacles to constrict eight enemies at once.))
((Your skin changes colour to match your surroundings (Stealth+).))
((Your rubbery body absorbs attacks. (AC +1, EV +1)))


Message History

The Council accepts your kill.
You lunge at the komodo dragon.
You barely miss the komodo dragon.
The komodo dragon is moderately wounded.
Your transformation is almost over.
The komodo dragon bites you!!
* * * LOW HITPOINT WARNING * * *
You hit the komodo dragon.
The komodo dragon looks as sick as possible!
The komodo dragon is moderately wounded.
The komodo dragon completely misses you.
All of the chunks of flesh in your inventory have rotted away.
You hit the komodo dragon.
The komodo dragon looks as sick as possible!
The komodo dragon is moderately wounded.
The komodo dragon misses you.
You spin and attack the komodo dragon.
You hit the komodo dragon but do no damage.
The komodo dragon is moderately wounded.
The komodo dragon bites you!
You die...

.P......#.#.
#..#...........
...##..##......
#.###.###...##..
P##....##...... ..
........#### ###....#
......#. ##......####
P#...... ........
###...#.....#
.....####...#....
###...........# .#...#
#....###..>#.........#
#.#.## #
#.......P##.......#.#
.....#
...##.#ls.....#........##
......
..........$.....##.#....#
.#...#
.................###.....
...... ..........#.....P#
#...## ......
..............#........##
#.....
..#....####..............
..F#. .......
#.#.###P##...#.P ....
......# .(.### ####....#
..#... ##. #.)..


You could see a komodo dragon (pinned).

Vanquished Creatures
  A two-headed ogre (D:9)
  Joseph (D:7)
  2 spiny frogs (Lair:1)
  An efreet (D:10)
  2 komodo dragons
  A troll (D:7)
  4 blink frogs
  2 hippogriffs
  6 yaks (D:9)
  A steam dragon (D:8)
  Menkaure (D:5)
  Edmund (D:6)
  A warg (D:8)
  A soldier ant (D:8)
  A water moccasin (Lair:1)
  4 porcupines
  4 orc warriors
  A sky beast (D:8)
  A black bear (D:9)
  An ice beast (D:9)
  5 phantoms
  6 ogres
  5 wolves (D:9)
  2 crocodiles
  5 centaurs
  2 big kobolds
  Blork the orc (D:6)
  11 bullfrogs
  A wyvern zombie (D:8)
  2 scorpions
  A water moccasin skeleton (D:9)
  3 killer bees
  6 howler monkeys
  A wight (D:8)
  6 crimson imps
  A centaur zombie (D:8)
  2 jellies
  10 orc priests
  3 hounds
  11 orc wizards
  A bullfrog skeleton (D:5)
  A gnoll shaman (D:6)
  3 iguanas
  3 worker ants
  A killer bee zombie (D:8)
  2 hound zombies
  2 hound skeletons
  Robin (D:2)
  A howler monkey zombie (D:8)
  A howler monkey skeleton (D:7)
  11 gnolls
  13 adders
  4 shadow imps
  An ooze (D:1)
  An adder zombie (D:4)
  4 worms
  3 leopard geckos
  80 orcs
  7 giant cockroaches
  16 goblins
  10 hobgoblins
  17 jackals
  3 quokkas
  A ball python (D:3)
  5 bats
  3 frilled lizards
  A jackal zombie (D:6)
  8 kobolds
  A quokka zombie (D:8)
  7 rats
333 creatures vanquished.

Vanquished Creatures (collateral kills)
  A warg (D:8)
1 creature vanquished.

Vanquished Creatures (others)
  An orc (D:6)
1 creature vanquished.

Grand Total: 335 creatures vanquished

Notes
Turn   | Place    | Note
-------+----------+-------------------------------------------
     0 | D:1      | Qrupt the Octopode Transmuter began the quest for the Orb.
     0 | D:1      | Reached XP level 1. HP: 13/13 MP: 3/3
    39 | D:1      | You fall into a shaft and drop 1 floor!
   154 | D:1      | Reached XP level 2. HP: 18/18 MP: 1/5
   930 | D:2      | Reached XP level 3. HP: 23/23 MP: 4/6
  1102 | D:2      | Noticed Robin
  1343 | D:2      | Killed Robin
  1343 | D:2      | Reached XP level 4. HP: 27/29 MP: 7/7
  1900 | D:3      | Learned a level 2 spell: Sticks to Snakes
  2238 | D:3      | Reached XP level 5. HP: 14/35 MP: 6/8
  2709 | D:4      | Noticed an ogre
  2715 | D:4      | Noticed a phantom
  3274 | D:4      | Learned a level 3 spell: Spider Form
  3302 | D:4      | Killed an ogre
  3302 | D:4      | Reached XP level 6. HP: 42/42 MP: 6/9
  3392 | D:4      | Killed a phantom
  3468 | D:4      | Found a shimmering blue altar of Sif Muna.
  3525 | D:4      | Reached XP level 7. HP: 36/46 MP: 8/10
  3588 | D:5      | Entered Level 5 of the Dungeon
  3845 | D:5      | Found a bloodstained altar of Trog.
  4535 | D:5      | Reached skill level 5 in Unarmed Combat
  4667 | D:5      | Found a staircase to the Ecumenical Temple.
  4678 | D:5      | Reached XP level 8. HP: 43/54 MP: 5/11
  4685 | Temple   | Entered the Ecumenical Temple
  4810 | Temple   | Became a worshipper of the Wu Jian Council
  5202 | D:5      | Noticed Menkaure
  5332 | D:5      | Found a blossoming altar of Fedhas.
  5387 | D:5      | Reached skill level 5 in Transmutations
  5590 | D:5      | Killed Menkaure
  5590 | D:5      | Reached skill level 5 in Dodging
  5825 | D:6      | Reached skill level 5 in Fighting
  6213 | D:6      | Noticed Edmund
  6241 | D:6      | Killed Edmund
  6270 | D:6      | Noticed Blork the orc
  6284 | D:6      | Reached skill level 1 in Stealth
  6284 | D:6      | Reached XP level 9. HP: 61/61 MP: 3/12
  6289 | D:6      | Killed Blork the orc
  6451 | D:6      | Reached * piety under Wu Jian
  6636 | D:6      | Reached skill level 1 in Poison Magic
  6720 | D:7      | Noticed a troll
  6763 | D:7      | Noticed Joseph
  7070 | D:7      | Killed Joseph
  7357 | D:7      | Reached ** piety under Wu Jian
  7520 | D:7      | Killed a troll
  7624 | D:7      | Reached XP level 10. HP: 69/69 MP: 13/13
  8135 | D:8      | Identified the Almanac of Boosting Feathers
  8288 | D:8      | Reached skill level 5 in Stealth
  8588 | D:8      | Identified the Guide on Moulding
  9642 | D:9      | Noticed a two-headed ogre
  9658 | D:9      | Killed a two-headed ogre
  9932 | D:9      | Reached *** piety under Wu Jian
 10301 | D:9      | Found a staircase to the Lair.
 10565 | D:9      | Reached XP level 11. HP: 44/75 MP: 9/14
 11151 | D:9      | Learned a level 4 spell: Ice Form
 11213 | D:10     | Entered Level 10 of the Dungeon
 11227 | D:10     | Found a white marble altar of Elyvilon.
 11410 | D:10     | Found a staircase to the Orcish Mines.
 11880 | D:10     | Reached **** piety under Wu Jian
 12198 | D:10     | Found Hupul's Antique Armour Shop.
 12431 | D:11     | Noticed a white ugly thing
 12467 | Lair:1   | Entered Level 1 of the Lair of Beasts
 12528 | Lair:1   | Reached skill level 1 in Ice Magic
 13858 | Lair:1   | Slain by a komodo dragon

Levels and vault maps discovered:
D:1:      co_arrival_random_square_maze, layout_rooms
D:2:      layout_basic, uniq_robin
D:3:      layout_basic, first_ration
D:4:      layout_basic, enter_ossuary_5, lemuel_blue_sif_altar
D:5:      layout_basic, fedhas_ov_isle_minmay, temple_green, basic_altar,
          uniq_menkaure
D:6:      layout_rooms, uniq_edmund, uniq_blork_the_orc
D:7:      layout_cave_pods, minmay_fractal_squares_diagonal_5, uniq_joseph
D:8:      layout_cave_pods, minmay_pinched_square
D:9:      layout_loops_ring, erik_lair_orcish_takeover
D:10:     layout_roguey, hiddenorc2_lemuel, basic_altar, serial_shops, shop
D:11:     layout_irregular_city, grunt_ogre_cave, st_stairs_14
Temple:   nicolae_temple_the_god_donut
Lair:1:   layout_misc_corridors, eino_small_chamber_without_monster,
          grunt_megastairs_4

Skill      XL: |  1  2  3  4  5  6  7  8  9 10 11 |
---------------+----------------------------------+-----
Fighting       | 2 3 4 5 6 7 8 |  8.5
Transmutations | 3 4 5 6 8 |  8.9
Dodging        | 3 4 5 6 7 8 |  8.6
Unarmed Combat | 4 5 6 7 8 9 |  9.0
Stealth        | 1 4 7 9 |  9.0
Poison Magic   | 3 |  3.0
Ice Magic      | 2 |  2.5
Spellcasting   | |  2.0

Action                   |  1- 3 |  4- 6 |  7- 9 | 10-12 || total
-------------------------+-------+-------+-------+-------++-------
Melee: Unarmed           |    73 |   155 |   353 |   553 ||  1134
       Constrict         |    22 |    35 |    49 |    40 ||   146
       Tentacles         |    12 |    22 |    46 |    51 ||   131
       Kick              |    12 |    23 |    17 |     7 ||    59
       Punch             |     1 |     2 |    10 |    19 ||    32
 Cast: Beastly Appendage |    11 |    13 |    10 |     1 ||    35
       Sticks to Snakes  |       |     3 |       |     4 ||     7
       Spider Form       |       |     3 |    14 |    28 ||    45
Invok: Lunge             |       |       |    15 |    29 ||    44
       Whirlwind         |       |       |       |    52 ||    52
Evoke: Wand              |       |       |     4 |       ||     4
  Use: Scroll            |       |       |     4 |     6 ||    10
       Potion            |       |       |     2 |       ||     2
 Stab: Sleeping          |     2 |     3 |     3 |    17 ||    25
       Distracted        |       |       |       |     2 ||     2
  Eat: Chunk             |     1 |     8 |    13 |    20 ||    42
       Ration            |       |       |     1 |     1 ||     2
Armor: Skin              |     4 |     7 |    26 |    24 ||    61
Dodge: Dodged            |    26 |    80 |   251 |   429 ||   786
Block: Other             |     7 |    24 |    65 |    77 ||   173
       Reflection        |       |     1 |     6 |     2 ||     9

Table legend:
 A = Non-vault XP
 B = Vault XP
 C = Vault XP percentage of total XP
 D = Non-vault monster count
 E = Vault monster count
 F = Vault count percentage of total count
                 A         B        C        D         E       F
            +---------+---------+-------+---------+---------+-------
      Total |   13445 |    2970 |  18.1 |     258 |      77 |  23.0
            +---------+---------+-------+---------+---------+-------
        D:1 |      16 |       0 |   0.0 |       9 |       0 |   0.0
        D:2 |      66 |      39 |  37.1 |      27 |      13 |  32.5
        D:3 |     100 |       0 |   0.0 |      24 |       0 |   0.0
        D:4 |     487 |       0 |   0.0 |      20 |       0 |   0.0
        D:5 |     711 |     172 |  19.5 |      27 |       1 |   3.6
        D:6 |    1155 |     257 |  18.2 |      38 |       2 |   5.0
        D:7 |    1416 |     599 |  29.7 |      27 |       6 |  18.2
        D:8 |    1034 |    1067 |  50.8 |      19 |      16 |  45.7
        D:9 |    5069 |     627 |  11.0 |      46 |       7 |  13.2
       D:10 |     537 |     209 |  28.0 |       6 |      32 |  84.2
     Lair:1 |    2854 |       0 |   0.0 |      15 |       0 |   0.0
            +---------+---------+-------+---------+---------+-------
